 Dungeon Sprint DCSS version 0.30-a0-177-g1cb5dbfd7a (webtiles) character file.

Game seed: 17989318729278420089

2124 rocky1 the Basher (level 9, -13/163 HPs)
             Began as an Ogre Gladiator on Oct 3, 2022.
             Was an Elder of Okawaru.
             Mangled by a merfolk impaler
             ... wielding a +0 trident of protection
              (14 damage)
             ... in the Dungeon (Sprint VII: "The Pits").
             The game lasted 00:06:07 (1392 turns).

rocky1 the Basher (Ogre Gladiator)                  Turns: 1392, Time: 00:06:08

Health: -13/163    AC:  3    Str: 27    XL:     9   Next: 29%
Magic:  7/13       EV: 16    Int:  9    God:    Okawaru [****..]
Gold:   0          SH:  0    Dex: 10    Spells: 8/8 levels left

rFire   . . .      SeeInvis .    x - +0 lajatang (vamp)
rCold   . . .      Faith    .    (shield currently unavailable)
rNeg    . . .      Spirit   .    b - +0 robe
rPois   .          Reflect  .    c - +0 hat
rElec   .          Harm     .    (no cloak)
rCorr   .          Rampage  .    (gloves unavailable)
Will    .....      NoTele   +    (boots unavailable)
Stlth   ..........               (no amulet)
HPRegen 0.47/turn                q - +3 ring of strength
MPRegen 0.13/turn                r - +3 ring of evasion

@: berserking, heroic, very quick
A: large, unfitting armour, tough skin 1
a: Renounce Religion, Heroism, Finesse


You were in the Dungeon.
You worshipped Okawaru.
Okawaru was greatly pleased with you.
You visited 1 branch

Inventory:

Hand Weapons
 a - a +0 flail
 n - a +1 flail of protection
 o - a +0 whip of freezing
 w - a +2 morningstar of protection
 x - a +0 vampiric lajatang (weapon)
 y - a +0 giant club
Missiles
 d - 3 throwing nets
 e - a large rock (quivered)
Armour
 b - a +0 robe (worn)
 c - a +0 hat (worn)
Jewellery
 q - a +3 ring of strength (left hand)
 r - a +3 ring of evasion (right hand)
Wands
 p - a wand of digging (1)
Scrolls
 k - a scroll of blinking
 m - 5 scrolls of amnesia
Potions
 f - 6 potions of curing
 h - a potion of haste
 i - 4 potions of magic
 j - 3 potions of berserk rage
 l - 2 potions of invisibility
 s - 2 potions of might
 t - a potion of resistance
 u - a potion of mutation
 v - a potion of brilliance


   Skills:
 + Level 12.9(17.9) Fighting
 + Level 14.2(19.4) Maces & Flails
 + Level 4.3(16.0) Staves
 - Level 2.0(7.0) Throwing
 + Level 6.2(11.2) Dodging
 + Level 6.5 Invocations


You had 8 spell levels left.
You didn't know any spells.
Your spell library was empty.

Dungeon Overview and Level Annotations

Branches:
Dungeon (1/1)

Altars:
Ashenzari
Cheibriados
Dithmenos
Elyvilon
Fedhas
Gozag
Hepliaklqana
Kikubaaqudgha
Makhleb
Nemelex Xobeh
Okawaru
Qazlal
Ru
Sif Muna
Trog
Uskayaw
Vehumet
Wu Jian
Xom
Yredelemnul
Zin
The Shining One
Jiyva
Lugonu


Innate Abilities, Weirdness & Mutations

You are too large for most types of armour.
You have tough skin. (AC +1)


Message History

* * * LOW HITPOINT WARNING * * *
You are too injured to fight recklessly!
You are too injured to fight recklessly!
You slash the merfolk!
The merfolk is moderately wounded.
You chop the merfolk into pieces!!!
You feel better.
You kill the merfolk!
Okawaru accepts your kill. The merfolk hits you with a +0 spear!
* * * LOW HITPOINT WARNING * * *
Your base Staves skill increases to level 4!
Unknown command.
You miss the merfolk impaler. You barely miss the merfolk impaler.
The killer bee closely misses you.
You closely miss the merfolk impaler. The killer bee closely misses you.
The merfolk barely misses you.
The merfolk impaler hits you with a +0 trident of protection!
* * * LOW HITPOINT WARNING * * *
You miss the merfolk impaler. The killer bee stings you!
* * * LOW HITPOINT WARNING * * *
You completely miss the merfolk impaler.
The killer bee closely misses you.
The merfolk impaler hits you with a +0 trident of protection.
* * * LOW HITPOINT WARNING * * *
The merfolk hits you with a +0 spear.
* * * LOW HITPOINT WARNING * * *
You closely miss the merfolk impaler.
The killer bee stings you but does no damage.
The merfolk impaler closely misses you.
Unknown command.
You miss the killer bee. The killer bee stings you.
* * * LOW HITPOINT WARNING * * *
The merfolk hits you with a +0 spear!
* * * LOW HITPOINT WARNING * * *
The merfolk impaler barely misses you.
Unknown command.
You barely miss the merfolk impaler. The killer bee barely misses you.
The merfolk misses you.
The merfolk impaler hits you with a +0 trident of protection!
You die...

.............+
.............+
...#).#......#
....)........#
'#####''######
....##''################
....##..#....RyyD......#
....##..##...hmmym......
<...##..#### #@#
....##.)#..#####(##
....##..#....##...#
....##..'.....#...#
######..'.....'...+
######..'.....#...#
..[[##..#....##...#
..[[##..#..#####.##
..))##..#### #+#


You could see a merfolk impaler, 2 merfolk, an efreet, a steam dragon, a wolf
and 3 killer bees.

Vanquished Creatures
  Erolcha (D)
  Pikel (D)
  A merfolk (D)
  A jumping spider (D)
  A basilisk (D)
  2 floating eyes (D)
  A lemure (D)
  An earth elemental (D)
  2 killer bees (D)
  A crimson imp (D)
  An orc priest (D)
  An iguana (D)
  5 orc wizards (D)
  An adder (D)
  3 river rats (D)
  A white imp (D)
  A worm (D)
  4 orcs (D)
  2 giant cockroaches (D)
  2 jackals (D)
  A kobold (D)
  2 rats (D)
36 creatures vanquished.

Vanquished Creatures (others)
  2 orcs (D)
2 creatures vanquished.

Grand Total: 38 creatures vanquished

Notes
Turn   | Place    | Note
-------+----------+-------------------------------------------
     0 | D        | rocky1 the Ogre Gladiator began the quest for the Orb.
     0 | D        | Reached XP level 1. HP: 22/22 MP: 1/1
    19 | D        | Reached skill level 4 in Maces & Flails
    19 | D        | Reached XP level 2. HP: 28/29 MP: 2/2
    23 | D        | Found a bloodstained altar of Trog.
    23 | D        | Found a shimmering blue altar of Sif Muna.
    23 | D        | Found a viscous altar of Jiyva.
    23 | D        | Found a hazy altar of Hepliaklqana.
    23 | D        | Found an opulent altar of Gozag.
    24 | D        | Found a glowing golden altar of the Shining One.
    24 | D        | Found a glowing silver altar of Zin.
    24 | D        | Found a basalt altar of Yredelemnul.
    24 | D        | Found a shimmering altar of Xom.
    24 | D        | Found an ornate altar of the Wu Jian Council.
    24 | D        | Found a sacrificial altar of Ru.
    24 | D        | Found a stormy altar of Qazlal.
    24 | D        | Found an iron altar of Okawaru.
    24 | D        | Found a sparkling altar of Nemelex Xobeh.
    24 | D        | Found a burning altar of Makhleb.
    24 | D        | Found a blossoming altar of Fedhas.
    24 | D        | Found a white marble altar of Elyvilon.
    24 | D        | Found a shadowy altar of Dithmenos.
    24 | D        | Found a snail-covered altar of Cheibriados.
    27 | D        | Found a corrupted altar of Lugonu.
    27 | D        | Found a radiant altar of Vehumet.
    28 | D        | Found an ancient bone altar of Kikubaaqudgha.
    28 | D        | Found a hide-covered altar of Uskayaw.
    28 | D        | Found a broken altar of Ashenzari.
    32 | D        | Became a worshipper of Warmaster Okawaru
   193 | D        | Reached skill level 5 in Maces & Flails
   361 | D        | Noticed a floating eye
   362 | D        | Noticed a floating eye
   366 | D        | Killed a floating eye
   366 | D        | Reached * piety under Okawaru
   367 | D        | Reached skill level 9 in Maces & Flails
   367 | D        | Reached XP level 3. HP: 36/36 MP: 3/3
   367 | D        | Reached XP level 4. HP: 44/44 MP: 4/4
   367 | D        | Reached XP level 5. HP: 50/50 MP: 5/5
   368 | D        | Killed a floating eye
   369 | D        | Reached skill level 11 in Maces & Flails
   381 | D        | Reached XP level 6. HP: 46/59 MP: 6/6
   487 | D        | Noticed Pikel
   520 | D        | Killed Pikel
   520 | D        | Reached ** piety under Okawaru
   520 | D        | Reached *** piety under Okawaru
   521 | D        | Reached skill level 10 in Fighting
   521 | D        | Reached skill level 13 in Maces & Flails
   521 | D        | Reached XP level 7. HP: 32/85 MP: 7/7
   714 | D        | Reached skill level 1 in Invocations
   716 | D        | Noticed a basilisk
   723 | D        | Killed a basilisk
   724 | D        | Reached XP level 8. HP: 82/96 MP: 5/9
   780 | D        | Noticed a jumping spider
   907 | D        | Killed a jumping spider
  1094 | D        | Noticed Erolcha
  1135 | D        | Killed Erolcha
  1135 | D        | Reached **** piety under Okawaru
  1136 | D        | Reached skill level 14 in Maces & Flails
  1136 | D        | Reached skill level 5 in Dodging
  1136 | D        | Reached skill level 5 in Invocations
  1136 | D        | Reached XP level 9. HP: 39/107 MP: 9/13
  1369 | D        | Noticed a merfolk
  1369 | D        | Noticed a merfolk
  1369 | D        | Noticed a merfolk
  1370 | D        | Received a gift from Okawaru
  1378 | D        | HP: 3/109 [merfolk/+0 trident[a merfolk impaler] (15)]
  1379 | D        | Noticed an efreet
  1381 | D        | Noticed a merfolk impaler
  1384 | D        | Killed a merfolk
  1391 | D        | HP: 1/163 [merfolk/+0 spear[a merfolk impaler] (10)]
  1392 | D        | Mangled by a merfolk impaler

Illustrated notes

Levels and vault maps discovered:
D:        pitsprint [storerooms_1, entrance_room_1, metal_vault_1, armoury_2,
          mini_pit_1, grid_room_1, main_hall_1, silver_pit, the_coven_3,
          the_vestibule_1, steel_vault_3, golden_pit, hallway_of_sentries,
          crystal_vault_3, iron_vault_1, final_vault]

Skill      XL: |  1  2  3  4  5  6  7  8  9 |
---------------+----------------------------+-----
Maces & Flails | 4 9 11 13 14 | 14.2
Fighting       | 10 12 | 12.9
Invocations    | 2 5 6 |  6.5
Dodging        | 3 5 6 |  6.2
Staves         | 3 4 |  4.3
Throwing       | |  2.0

Action                   |  1- 3 |  4- 6 |  7- 9 || total
-------------------------+-------+-------+-------++-------
Melee: Flail             |    28 |    44 |    70 ||   142
       Punch             |     1 |       |     1 ||     2
       Morningstar       |       |       |    22 ||    22
       Lajatang          |       |       |    10 ||    10
Throw: Large rock        |       |       |     1 ||     1
Invok: Heroism           |       |       |     3 ||     3
       Finesse           |       |       |     1 ||     1
  Use: Potion            |       |       |    11 ||    11
 Stab: Sleeping          |     1 |       |     1 ||     2
Armor: Robe              |    12 |     9 |    23 ||    44
Dodge: Dodged            |    13 |    10 |    47 ||    70

Table legend: (Time is in decaauts)
 A = Elapsed time spent in this place.
 B = Non-inter-level travel time spent in this place.
 C = Inter-level travel time spent in this place.
 D = Time resting spent in this place.
 E = Time spent auto-exploring this place.
 F = Levels seen in this place.
 G = Mean time per level.
                   A        B        C        D        E       F      G
               +--------+--------+--------+--------+--------+-----+--------+
         Total |   1358 |   1298 |     60 |    842 |      0 |   1 | 1358.0 |
       Dungeon |   1358 |   1298 |     60 |    842 |      0 |   1 | 1358.0 |
               +--------+--------+--------+--------+--------+-----+--------+

Top non-repeatable levels by time:
       D: 1358 daAuts
